 Dungeon Crawl Stone Soup version 0.31.0-11-ge490571c62 (webtiles) character file.

Game seed: 628031048619003175

150 bearlyready the Ruffian (level 5, -2/35 HPs)
             Began as an Octopode Shapeshifter on Feb 7, 2024.
             Slain by an ogre
             ... wielding a +0 giant club
              (16 damage)
             ... on level 4 of the Dungeon.
             The game lasted 00:02:33 (2386 turns).

bearlyready the Ruffian (Octopode Shapeshifter)     Turns: 2386, Time: 00:02:34

Health: -2/35      AC:  1    Str: 15    XL:     5   Next: 32%
Magic:  5/5        EV: 13    Int: 13    God:
Gold:   186        SH:  0    Dex: 11    Spells: 4/4 levels left

rFire   . .          .
                       - Unarmed
rCold   + . .        (no shield)
rNeg    . . .        (helmet currently unavailable)
rPois   .            (no amulet)
rElec   .            t - ring of protection from cold
rCorr   .            (no ring)
SInv    .            (no ring)
Will    .....        (no ring)
Stlth   ++           (no ring)
HPRegen 0.25/turn    (no ring)
MPRegen 0.09/turn    (no ring)
                     (no ring)

%: no passive effects
@: beast-form
A: beast (slay +2), almost no armour, amphibious, 8 rings, camouflage 1,
gelatinous body 1, (nimble swimmer 1), tentacles
a: Begin Untransformation


You were on level 4 of the Dungeon.
You were a hulking beast.
You visited 1 branch of the dungeon, and saw 4 of its levels.

You collected 186 gold pieces.

Inventory:

Missiles
 q - 55 stones (quivered)
 r - 4 boomerangs
Armour
 l - a +0 kite shield
Jewellery
 t - a ring of protection from cold (left tentacle)
Talismans
 b - a beast talisman
 c - a flux talisman
Scrolls
 f - 2 scrolls of teleportation {unknown}
 h - a scroll of revelation {unknown}
 i - a scroll of butterflies {unknown}
 j - a scroll of blinking {unknown}
 m - a scroll of noise {unknown}
 n - a scroll of enchant armour {unknown}
 o - a scroll of vulnerability {unknown}
 p - a scroll of poison {unknown}
 s - a scroll of identify {unknown}
Potions
 a - a potion of lignification
 d - a potion of enlightenment {unknown}
 e - a potion of haste {unknown}
 g - a potion of degeneration {unknown}
 k - a potion of curing {unknown}


   Skills:
 + Level 2.4 Fighting
 + Level 3.1 Dodging
 + Level 3.9 Unarmed Combat
 + Level 3.7 Shapeshifting


You had 4 spell levels left.
You didn't know any spells.
Your spell library contained the following spells:

 Spells                   Type           Power      Damage    Failure   Level
 Tukima's Dance           Hex            0%         N/A       67%         3
 Dimensional Bullseye     Hex/Tloc       0%         N/A       97%         4
 Iskenderun's Mystic Bla  Conj/Tloc      0%         2d3       97%         4


Dungeon Overview and Level Annotations

Branches:
Dungeon (4/15)
 Temple: D:4-7

Altars:
Fedhas

Annotations:
D:3 exclusion: oklob plant
D:4 1 transporter, Gadfly's ghost, amateur DsMo


Innate Abilities, Weirdness & Mutations

You are a hulking beast.
Your limbs bulge with bestial killing power. (Slay +2)
You cannot wear most types of armour.
You are amphibious.
You can wear up to eight rings at the same time.
Your skin changes colour to match your surroundings (Stealth+).
Your rubbery body absorbs attacks. (AC +1, EV +1)
((You are camouflaged when in or above water. (Stealth+)))
You have tentacles for arms and can constrict up to eight enemies at once.


Message History

The jelly jiggles.
Things that are here:
a +0 club; a goblin corpse
o - a scroll labelled BOMYDD WIPUTHRU
Things that are here:
a +0 hand axe; a +0 leather armour The shadow imp shouts!
The shadow imp laughs crazily.
Gadfly's ghost whispers, "Meet the emptiness of death!"
A bombardier beetle comes into view.
A bombardier beetle is nearby!
An ogre comes into view. It is wielding a +0 giant club.
The shadow imp grinds its teeth.
The bombardier beetle barely misses you.
You barely miss the bombardier beetle.
The ogre shouts!
You grab the bombardier beetle.
You tentacle-slap the bombardier beetle.
The bombardier beetle is lightly wounded.
You constrict the bombardier beetle.
You tentacle-slap the bombardier beetle.
You squeeze the bombardier beetle!
You kill the bombardier beetle!
You see here a bombardier beetle corpse.
The ogre closely misses you.
You tentacle-slap the ogre.
The ogre is moderately wounded.
The ogre hits you with a +0 giant club!!
Ouch! That really hurt!
You are too injured to fight recklessly!
You are too injured to fight recklessly!
You are too injured to fight recklessly!
You are too injured to fight recklessly!
You are too injured to fight recklessly!
You tentacle-slap the ogre.
The ogre is heavily wounded.
You barely miss the ogre.
The ogre is heavily wounded.
The ogre hits you with a +0 giant club!
You die...

.'. .....# '.
..... '......
#..... #....
###.#.#######
#...O........
#...h........
#...†........
####........©
##...#####
#..##8.=$
#..#5Wl.. .
### #..#J....
.> ..#
###..#.....
...####.#
#....#....©


You could see an ogre, an iguana, a jelly, Gadfly's ghost and a shadow imp.

Vanquished Creatures
  A bombardier beetle (D:4)
  Jessica (D:3)
  2 adders
  4 dart slugs
  A ribbon worm (D:3)
  2 orcs
  3 ball pythons (D:2)
  7 bats
  4 endoplasms
  A giant cockroach (D:3)
  9 goblins
  4 hobgoblins
  6 jackals
  4 quokkas
  A frilled lizard (D:1)
  4 kobolds (D:2)
  3 rats (D:1)
57 creatures vanquished.

Notes
Turn   | Place    | Note
-------+----------+-------------------------------------------
     0 | D:1      | bearlyready the Octopode Shapeshifter began the quest for
                  | the Orb.
     0 | D:1      | Reached XP level 1. HP: 13/13 MP: 1/1
   143 | D:1      | Reached XP level 2. HP: 18/18 MP: 2/2
   426 | D:1      | Reached XP level 3. HP: 23/23 MP: 3/3
  1180 | D:2      | Reached XP level 4. HP: 29/29 MP: 4/4
  1824 | D:3      | Noticed Jessica
  1830 | D:3      | Killed Jessica
  1982 | D:3      | Found a blossoming altar of Fedhas.
  2006 | D:3      | Noticed an oklob plant
  2350 | D:4      | Reached XP level 5. HP: 34/34 MP: 5/5
  2354 | D:4      | Noticed Gadfly's ghost (amateur DsMo)
  2355 | D:4      | Found a transporter.
  2377 | D:4      | Noticed an ogre
  2386 | D:4      | Slain by an ogre

Illustrated notes

Levels and vault maps discovered:
D:1:      wander_arrival_peaceful_grave, layout_basic
D:2:      layout_rooms
D:3:      layout_basic, tgw_fedhas, uniq_jessica
D:4:      layout_basic, mainiacjoe_overflow_alcove_4, gammafunk_ghost_arena,
          nicolae_ossuary_entry_giza

Skill      XL: |  1  2  3  4 |
---------------+-------------+-----
Fighting       | 2 |  2.4
Dodging        | 3 |  3.1
Unarmed Combat | |  3.9
Shapeshifting  | |  3.7

Action                     |  1- 3 |  4- 6 || total
---------------------------+-------+-------++-------
  Melee: Unarmed           |    66 |    35 ||   101
         Constrict         |    21 |    11 ||    32
         Tentacles         |     9 |     6 ||    15
         Punch             |     3 |     2 ||     5
   Stab: Sleeping          |     8 |     4 ||    12
         Distracted        |     1 |       ||     1
 Armour: Skin              |    20 |    12 ||    32
  Dodge: Dodged            |    32 |    13 ||    45
